 Dungeon Crawl Stone Soup version 0.27.0-1-g7a089689b8 (webtiles) character file.

Game seed: 10710643598821027948

5448 dipablo the Covert (level 10, -6/92 HPs)
             Began as a Deep Dwarf Monk on Aug 3, 2021.
             Was a Priest of Makhleb.
             Mangled by an orc knight (7 damage)
             ... in a bailey.
             The game lasted 00:34:30 (8099 turns).

dipablo the Covert (Deep Dwarf Monk)                Turns: 8099, Time: 00:34:32

Health: -6/92      AC: 20    Str: 15 (17) XL:     10   Next: 41%
Magic:  0/0        EV:  8    Int: 24      God:    Makhleb [***...]
Gold:   475        SH:  0    Dex: 20 (22) Spells: 9/9 levels left

rFire    + . .     SeeInvis .   b - +4 arbalest
rCold    . . .     Faith    .   (shield currently unavailable)
rNeg     + . .     Spirit   .   i - +0 plate armour
rPois    .         Reflect  .   P - +1 helmet of Shadows and Fog {Drain Regen+ Dex+3}
rElec    .         Harm     .   (no cloak)
rCorr    .         Rampage  .   d - +0 pair of gloves
Will     +....                  K - +0 pair of boots
Stlth    ..........             (no amulet)
HPRegen  0.00/turn              o - +6 ring of intelligence
MPRegen  0.07/turn              s - ring of Omaaw {rF+ rN+ Int+6 Dex+4 Stlth-}

@: invisible
A: damage resistance, heal wounds, sense surroundings 2, no regeneration, talons
1, iridescent scales 1
a: Heal Wounds, Renounce Religion, Minor Destruction, Lesser Servant of Makhleb


You were in a bailey.
You worshipped Makhleb.
Makhleb was most pleased with you.
You visited 2 branches of the dungeon, and saw 11 of its levels.
You also visited: Sewer and Bailey.

You collected 475 gold pieces.

Inventory:

Hand Weapons
 a - the +7 trident of Causality {pain, Int+6}
   (You found it in a bailey)

   In the hands of one skilled in necromantic magic, it inflicts extra damage on
   living creatures.
   Int:       It affects your intelligence (+6).
 b - a +4 arbalest (weapon)
   (You took it off an orc warrior in a bailey)
 n - a +4 war axe
   (You took it off a wight on level 8 of the Dungeon)
Missiles
 l - 21 poisoned darts
 u - 7 javelins
 E - 90 bolts (quivered ammo)
 G - a curare-tipped dart
 N - 7 atropa-tipped darts
 Q - 5 boomerangs
Armour
 d - a +0 pair of gloves (worn)
   (You found it on level 1 of the Dungeon)
 i - a +0 plate armour (worn)
   (You found it on level 1 of the Dungeon)
 K - a +0 pair of boots (worn)
   (You found it on level 7 of the Dungeon)
 P - the +1 helmet of Shadows and Fog (worn) {Drain Regen+ Dex+3}
   (You found it on level 9 of the Dungeon)

   Dex:       It affects your dexterity (+3).
   Regen:     It increases your rate of health regeneration.
   Drain:     It drains your maximum health when unequipped.
Jewellery
 o - a +6 ring of intelligence (left hand)
   (You found it on level 3 of the Dungeon)
 s - the ring of Omaaw (right hand) {rF+ rN+ Int+6 Dex+4 Stlth-}
   (You found it on level 10 of the Dungeon)

   [ring of protection from fire]

   Int:       It affects your intelligence (+6).
   Dex:       It affects your dexterity (+4).
   rF:        It protects you from fire.
   rN:        It protects you from negative energy.
   Stlth:     It makes you less stealthy.
Wands
 c - a wand of acid (9)
   (You found it on level 9 of the Dungeon)
 m - a wand of flame (39)
   (You found it on level 2 of the Dungeon)
 q - a wand of mindburst (4)
   (You found it on level 3 of the Dungeon)
Scrolls
 g - a scroll of magic mapping {unknown}
 h - a scroll of immolation {unknown}
 j - 3 scrolls of vulnerability
 p - a scroll of acquirement {unknown}
 r - 3 scrolls of brand weapon {unknown}
 v - 2 scrolls of enchant weapon
 x - 4 scrolls of teleportation
 y - 5 scrolls of noise
 F - a scroll of amnesia {unknown}
 J - a scroll of silence {unknown}
 L - a scroll of enchant armour {unknown}
 M - a scroll of fear {unknown}
Potions
 e - 4 potions of magic
 f - a potion of mutation
 k - a potion of lignification {unknown}
 t - 2 potions of degeneration
 z - a potion of cancellation
 C - 4 potions of haste
 D - a potion of resistance
 H - a potion of brilliance {unknown}
 I - a potion of flight {unknown}


   Skills:
 + Level 6.9 Fighting
 + Level 8.4 Axes
 + Level 7.4 Armour
 + Level 8.4 Dodging
 + Level 9.4 Stealth


You had 9 spell levels left.
You didn't know any spells.
Your spell library contained the following spells:

 Spells                   Type           Power      Damage    Failure   Level
 Corona                   Hex            0%         N/A       100%        1
 Ensorcelled Hibernation  Hex/Ice        0%         N/A       100%        2
 Slow                     Hex            0%         N/A       100%        2
 Confusing Touch          Hex            0%         N/A       100%        3
 Tukima's Dance           Hex            0%         N/A       100%        3
 Vampiric Draining        Necr           0%         2d6       100%        3
 Borgnjor's Revivificati  Necr           0%         N/A       100%        8
 Necromutation            Tmut/Necr      0%         N/A       100%        8
 Death's Door             Necr           0%         N/A       100%        9


Dungeon Overview and Level Annotations

Branches:
Dungeon (10/15)            Temple (1/1) D:6            Lair (0/6) D:8
  Sewer (visited)          Bailey (1/1)
    Orc: D:9-12

Altars:
Ashenzari
Cheibriados
Dithmenos
Elyvilon
Fedhas
Gozag
Hepliaklqana
Kikubaaqudgha
Makhleb
Nemelex Xobeh
Okawaru
Qazlal
Ru
Sif Muna
Trog
Uskayaw
Vehumet
Wu Jian
Xom
Yredelemnul
Zin
The Shining One

Shops:
D:9 *

Annotations:
D:9 3 runed translucent doors, Spaninq's ghost, journeyman TrFE


Innate Abilities, Weirdness & Mutations

You are resistant to damage.
You can heal yourself by infusing magical energy.
You passively map the area around you.
You do not regenerate.
You have sharp toenails.
You are partially covered in iridescent scales. (AC +2)


Message History

You feel better.
An orc warrior comes into view. It is wielding a +0 arbalest.
An orc comes into view. It is wielding a +0 spear.
Fire: 79 bolts
Aim: an orc warrior, wielding a +0 arbalest, wearing a +0 chain mail and quivering bolts (64% to hit)
You shoot a bolt.
The bolt closely misses the orc warrior.
The orc hits you but does no damage.
The orc warrior shoots a bolt.
The bolt hits you but does no damage.
The orc warrior shoots a bolt.
The bolt hits you but does no damage. The orc barely misses you.
Fire: 78 bolts
Aim: an orc warrior, wielding a +0 arbalest, wearing a +0 chain mail and quivering bolts (64% to hit)
You shoot a bolt. The bolt hits the orc warrior!
The orc barely misses you.
The orc warrior shoots a bolt.
The bolt closely misses you.
The orc warrior shoots a bolt.
The bolt barely misses you. The orc hits you but does no damage.
Fire: 77 bolts
Aim: an orc warrior, wielding a +0 arbalest, wearing a +0 chain mail and quivering bolts (heavily wounded, 65% to hit)
You shoot a bolt. The bolt hits the orc warrior!!
You kill the orc warrior!
Makhleb accepts your kill.
The orc hits you from afar with a +0 spear.
Fire: 76 bolts
Aim: an orc, wielding a +0 spear and wearing a +0 scale mail (71% to hit)
You shoot a bolt. The bolt hits the orc!
You kill the orc!
Makhleb accepts your kill.
Fire: 75 bolts Really target yourself?
Okay, then.
There is an open door here.
E - 76 bolts (gained 1)
Things that are here:
a +0 spear; a +0 ring mail
Things that are here:
a +0 spear; a +0 scale mail
E - 93 bolts (gained 17)
Things that are here:
a +0 arbalest; a +0 chain mail; an orc corpse
E - 94 bolts (gained 1)
You see here a +2 halberd of flaming.
You pick up a book of Maledictions and begin reading...
You add the spells Corona, Ensorcelled Hibernation and Tukima's Dance to your library.
C - 4 potions of haste (gained 1)
You see here a +2 halberd of flaming.
You see here the +7 trident of Causality {pain, Int+6}.
n - the +7 trident of Causality {pain, Int+6} Adjust (i)tems, (s)pells, or (a)bilities?
n - the +7 trident of Causality {pain, Int+6} Adjust to which letter? (? for menu, Esc to quit)
a - the +7 trident of Causality {pain, Int+6}
n - a +4 war axe You see here a +2 halberd of flaming.
Things that are here:
a +0 arbalest; a +0 chain mail; an orc corpse
There is an open door here.
Why would you want to do that? Why would you want to do that?
Why would you want to do that? As you open the door, it creaks loudly!
An orc knight comes into view. It is wielding a +0 halberd.
The orc knight shouts!
Fire: 94 bolts
Aim: an orc knight, wielding a +0 halberd and wearing a +0 scale mail (61% to hit)
You shoot a bolt. The bolt closely misses the orc knight.
The orc knight misses you.
An orc warrior comes into view. It is wielding a +0 arbalest.
An orc warrior comes into view. It is wielding a +0 halberd.
Fire: 93 bolts
Aim: an orc knight, wielding a +0 halberd and wearing a +0 scale mail (62% to hit)
You shoot a bolt. The bolt barely misses the orc knight.
The orc knight completely misses you.
The orc warrior hits you but does no damage.
The orc warrior unwields a +0 arbalest.
The orc warrior hits you.
The orc knight roars a battlecry!
The orc warriors go into a battle-frenzy!
The orc warrior barely misses you.
Fire: 92 bolts
Aim: an orc knight, wielding a +0 halberd and wearing a +0 scale mail (63% to hit)
You shoot a bolt.
The bolt hits the orc warrior but does no damage.
The orc knight closely misses you.
The orc warrior hits you but does no damage.
The orc knight hits you but does no damage.
The orc warrior hits you from afar with a +0 halberd!!
The orc warrior hits you.
Fire: 91 bolts
Aim: an orc knight, wielding a +0 halberd and wearing a +0 scale mail (62% to hit)
You shoot a bolt. The bolt hits the orc knight!!
The orc knight hits you but does no damage.
The orc warrior hits you from afar with a +0 halberd!!
* * * LOW HITPOINT WARNING * * *
The orc warrior hits you!
* * * LOW HITPOINT WARNING * * *
The orc knight hits you but does no damage.
The orc warrior closely misses you. The orc warrior hits you.
You don't have enough innate magic capacity.
You fade into invisibility!
The orc knight hits you from afar with a +0 halberd!
You die...

###
#######∩#########** #
....##...##.....##, )#
≈≈≈..#)).#..≈≈≈..# ..#
≈(≈≈.......≈≈.≈≈o#..(#
.∩)≈.......≈)∩.≈@(o.(#
≈(≈≈....)).≈≈)≈≈.#o..#
≈≈≈..#...#..≈≈≈..# .$#
....##.∩.##.....## .#
#######∩######### #
###


You could see an orc knight and 2 orc warriors.

Vanquished Creatures
  An orc knight (Bailey)
  A komodo dragon (D:8)
  A shadow (D:8)
  A wraith (D:9)
  A wyvern (D:8)
  A steam dragon (D:7)
  Menkaure (D:6)
  3 acid dragons
  2 water moccasins
  A sky beast (D:7)
  A necrophage (D:8)
  An ice beast (D:5)
  12 orc warriors
  An ogre (D:6)
  2 centaurs
  4 kobold brigands (Sewer)
  4 bullfrogs
  A gnoll sergeant (D:9)
  2 scorpions
  6 killer bees (D:8)
  3 wights (D:8)
  3 orc priests
  3 hounds
  2 jellies
  5 iguanas
  4 orc wizards (D:9)
  A scorpion zombie (D:3)
  2 hound skeletons (D:4)
  6 gnolls
  6 adders
  A shadow imp (D:8)
  An adder skeleton (D:4)
  A worm (D:4)
  The ghost of boopsy the Sneak, a weakling HODe (D:6)
  2 dart slugs
  24 orcs
  6 bats
  11 endoplasms
  11 giant cockroaches
  9 goblins
  5 hobgoblins
  14 jackals
  5 quokkas
  10 ball pythons
  4 frilled lizards
  15 kobolds
  8 rats
210 creatures vanquished.

Vanquished Creatures (others)
  An orc wizard (D:7)
  17 fungi
  26 plants
44 creatures vanquished.

Grand Total: 254 creatures vanquished

Notes
Turn   | Place    | Note
-------+----------+-------------------------------------------
     0 | D:1      | dipablo the Deep Dwarf Monk began the quest for the Orb.
     0 | D:1      | Reached XP level 1. HP: 20/20 MP: 1/1
   123 | D:1      | Reached XP level 2. HP: 22/27 MP: 2/2
   546 | D:1      | Reached XP level 3. HP: 18/33 MP: 3/3
   761 | D:1      | Found a hide-covered altar of Uskayaw.
   879 | D:2      | Reached skill level 1 in Armour
   885 | D:2      | Reached skill level 3 in Stealth
  1013 | D:2      | Reached skill level 3 in Fighting
  1270 | D:2      | Reached XP level 4. HP: 14/42 MP: 4/4
  1603 | D:2      | Found a faded altar of an unknown god.
  1722 | D:3      | Reached skill level 4 in Axes
  1958 | D:3      | HP: 10/42 [scorpion zombie (3)]
  1961 | D:3      | Reached skill level 4 in Dodging
  2618 | D:4      | Reached XP level 5. HP: 37/49 MP: 5/5
  2637 | D:4      | Found an iron altar of Okawaru.
  2652 | D:4      | Reached skill level 2 in Armour
  2803 | D:4      | Found an opulent altar of Gozag.
  2853 | D:4      | Found a bloodstained altar of Trog.
  2873 | D:4      | HP: 11/49 [scorpion (2)]
  2878 | D:4      | HP: 10/49 [scorpion (1)]
  2888 | D:4      | Reached skill level 4 in Stealth
  2901 | D:4      | Reached XP level 6. HP: 21/56 MP: 6/6
  3093 | D:5      | Entered Level 5 of the Dungeon
  3110 | D:5      | Noticed an ice beast
  3123 | D:5      | HP: 13/56 [ice beast (11)]
  3137 | D:5      | Killed an ice beast
  3199 | D:5      | HP: 13/57 [centaur (2)]
  3206 | D:5      | Reached skill level 3 in Armour
  3242 | D:5      | Reached skill level 4 in Fighting
  3242 | D:5      | Reached XP level 7. HP: 34/64 MP: 5/5
  3328 | D:5      | Reached skill level 5 in Dodging
  3390 | D:5      | Reached skill level 5 in Axes
  3390 | D:5      | Reached skill level 5 in Stealth
  3423 | D:5      | Found a glowing drain.
  3443 | Sewer    | Entered a sewer
  3670 | Sewer    | Reached skill level 4 in Armour
  3981 | D:5      | Reached XP level 8. HP: 34/73 MP: 5/5
  4001 | D:5      | Found a broken altar of Ashenzari.
  4116 | D:6      | Found a blossoming altar of Fedhas.
  4209 | D:6      | HP: 7/73 [ogre (24)]
  4211 | D:6      | Reached skill level 6 in Stealth
  4251 | D:6      | Found a staircase to the Ecumenical Temple.
  4268 | Temple   | Entered the Ecumenical Temple
  4367 | Temple   | Became a worshipper of Makhleb the Destroyer
  4367 | Temple   | Reached * piety under Makhleb
  4367 | Temple   | Reached ** piety under Makhleb
  4530 | D:6      | Found a runed translucent gate.
  4531 | D:6      | Found a runed translucent gate.
  4532 | D:6      | Noticed boopsy's ghost (weakling HODe)
  4540 | D:6      | Found a runed translucent gate.
  4553 | D:6      | Killed boopsy's ghost
  4723 | D:6      | Noticed Menkaure
  4729 | D:6      | HP: 13/73 [??? (7)]
  4733 | D:6      | Killed Menkaure
  4734 | D:6      | Reached skill level 6 in Axes
  4734 | D:6      | Reached skill level 6 in Dodging
  4955 | D:7      | Reached skill level 5 in Fighting
  5053 | D:7      | HP: 14/74 [steam dragon/ball of steam (12)]
  5062 | D:7      | Reached skill level 5 in Armour
  5179 | D:7      | HP: 18/74 [orc (1)]
  5190 | D:7      | Reached skill level 7 in Stealth
  5835 | D:8      | Noticed a komodo dragon
  5848 | D:8      | Gained mutation: You passively map the area around you.
                  | [Deep Dwarf growth]
  5848 | D:8      | Reached XP level 9. HP: 59/81 MP: 4/4
  5881 | D:8      | Killed a komodo dragon
  5916 | D:8      | Reached skill level 7 in Axes
  5916 | D:8      | Found a staircase to the Lair.
  5936 | D:8      | Reached skill level 7 in Dodging
  6197 | D:8      | HP: 20/82 [orc warrior (6)]
  6201 | D:8      | HP: 9/82 [orc warrior (6)]
  6206 | D:8      | HP: 16/82 [orc priest/divine providence (9)]
  6208 | D:8      | Reached skill level 6 in Armour
  6300 | D:8      | HP: 18/82 [acid dragon/splash of acid (10)]
  6300 | D:8      | HP: 5/82 [acid dragon (5)]
  6313 | D:8      | Reached skill level 6 in Fighting
  6313 | D:8      | Reached skill level 8 in Stealth
  6339 | D:8      | Found a glowing silver altar of Zin.
  6522 | D:9      | Found an opulent altar of Gozag.
  6523 | D:9      | Found a runed translucent gate.
  6524 | D:9      | Found a runed translucent gate.
  6526 | D:9      | Found a runed translucent gate.
  6526 | D:9      | Noticed a manticore
  6526 | D:9      | Noticed a yaktaur captain
  6526 | D:9      | Noticed a two-headed ogre
  6526 | D:9      | Noticed Spaninq's ghost (journeyman TrFE)
  6526 | D:9      | Noticed a white ugly thing
  6638 | D:9      | HP: 17/82 [orc warrior (4)]
  6640 | D:9      | HP: 8/82 [orc warrior (9)]
  6719 | D:8      | HP: 20/80 [wight (5)]
  6723 | D:8      | HP: 6/81 [wight (4)]
  6724 | D:8      | HP: 1/79 [wight (4)]
  6730 | D:8      | HP: 12/76 [wight (2)]
  6863 | D:9      | Identified the +1 helmet of Shadows and Fog {Drain Regen+
                  | Dex+3}
  7043 | D:9      | HP: 18/84 [acid dragon/splash of acid (8)]
  7048 | D:9      | HP: 21/84 [acid (8)]
  7051 | D:9      | HP: 5/84 [acid (10)]
  7053 | D:9      | Reached *** piety under Makhleb
  7054 | D:9      | Reached XP level 10. HP: 9/92 MP: 2/2
  7057 | D:9      | HP: 22/92 [acid dragon (2)]
  7058 | D:9      | Gained mutation: You are partially covered in iridescent
                  | scales. (AC +2) [potion of mutation]
  7058 | D:9      | Gained mutation: You have sharp toenails. [potion of
                  | mutation]
  7062 | D:9      | HP: 25/138 [acid dragon (2)]
  7351 | D:9      | Found Vagish's Assorted Antiques.
  7353 | D:9      | Identified the +1 robe "Doikkuad" {Str+5}
  7685 | D:10     | Entered Level 10 of the Dungeon
  7693 | D:10     | Identified the ring of Omaaw {rF+ rN+ Int+6 Dex+4 Stlth-}
  7795 | D:10     | Found a flagged portal.
  7810 | Bailey   | Entered a bailey
  7821 | Bailey   | Noticed an orc knight
  7826 | Bailey   | Reached skill level 8 in Axes
  7826 | Bailey   | Reached skill level 7 in Armour
  7826 | Bailey   | Reached skill level 8 in Dodging
  7826 | Bailey   | Reached skill level 9 in Stealth
  7831 | Bailey   | HP: 20/92 [orc knight (11)]
  7852 | Bailey   | HP: 19/92 [orc knight (7)]
  7866 | Bailey   | Killed an orc knight
  7970 | Bailey   | HP: 14/92 [orc warrior/bolt (16)]
  8055 | Bailey   | Identified the +7 trident of Causality {pain, Int+6}
  8094 | Bailey   | Noticed an orc knight
  8098 | Bailey   | HP: 11/92 [orc warrior (21)]
  8098 | Bailey   | HP: 1/92 [orc warrior (10)]
  8099 | Bailey   | Mangled by an orc knight

Illustrated notes

Levels and vault maps discovered:
D:1:      dpeg_arrival_water_altar, layout_loops_cross
D:2:      layout_basic, dreamdust_ecumenical_altar_hidden_monk_grotto
D:3:      layout_basic
D:4:      layout_loops_ring, mainiacjoe_overflow_chevrons,
          grunt_gozag_breadcrumbs, okawaru_trees_2
D:5:      layout_basic, lemuel_crystal_altar, portal_sewer_entry_f
D:6:      layout_loops_cross, fedhas_altar_3, minmay_temple_entry_arrows,
          ebering_ghost_rock_garden, uniq_menkaure
D:7:      layout_basic, bh_walls_and_bars
D:8:      layout_rooms, zin_treasury, david_lair_shrubbed
D:9:      layout_rooms, ebering_ghost_gozag, serial_shops, nicolae_diamond_shop,
          kennysheep_generic_room_4
D:10:     layout_long_grid, enter_bailey_3, uniq_maggie, uniq_snorg
Temple:   regret_index_temple_sphere_string
Bailey:   bailey_polearm_4, bailey

Skill      XL: |  1  2  3  4  5  6  7  8  9 10 |
---------------+-------------------------------+-----
Armour         | 1 2 3 4 5 6 7 |  7.4
Stealth        | 3 4 5 7 8 9 |  9.4
Fighting       | 3 4 5 6 |  6.9
Axes           | 4 5 6 7 8 |  8.4
Dodging        | 4 5 6 7 8 |  8.4

Action                   |  1- 3 |  4- 6 |  7- 9 | 10-12 || total
-------------------------+-------+-------+-------+-------++-------
Melee: Hand axe          |   172 |   255 |     8 |       ||   435
       War axe           |       |       |   462 |    53 ||   515
 Fire: Arbalest          |       |       |       |     9 ||     9
Throw: Dart              |       |     3 |    35 |    56 ||    94
 Abil: Heal Wounds       |     1 |     7 |    28 |    12 ||    48
Evoke: Wand              |       |       |     1 |     8 ||     9
  Use: Scroll            |       |       |     7 |     2 ||     9
       Potion            |       |       |     6 |     6 ||    12
 Stab: Sleeping          |     5 |       |       |       ||     5
Armor: Robe              |    24 |       |       |       ||    24
       Plate armour      |    61 |   185 |   353 |    50 ||   649
Dodge: Dodged            |   114 |    86 |   220 |    38 ||   458

Table legend: (Time is in decaauts)
 A = Elapsed time spent in this place.
 B = Non-inter-level travel time spent in this place.
 C = Inter-level travel time spent in this place.
 D = Time resting spent in this place.
 E = Time spent auto-exploring this place.
 F = Levels seen in this place.
 G = Mean time per level.
                   A        B        C        D        E       F      G
               +--------+--------+--------+--------+--------+-----+--------+
         Total |   8293 |   8007 |    286 |    418 |   4800 |  13 |  637.9 |
       Dungeon |   7565 |   7313 |    252 |    418 |   4565 |  10 |  756.5 |
        Temple |    124 |     90 |     34 |      0 |     89 |   1 |  124.0 |
         Sewer |    303 |    303 |      0 |      0 |    146 |   1 |  303.0 |
        Bailey |    299 |    299 |      0 |      0 |      0 |   1 |  299.0 |
               +--------+--------+--------+--------+--------+-----+--------+

Top non-repeatable levels by time:
     D:9: 1115 daAuts
     D:2: 937 daAuts
     D:8: 878 daAuts
     D:7: 821 daAuts
     D:1: 799 daAuts
     D:5: 762 daAuts
     D:3: 754 daAuts
     D:6: 727 daAuts
     D:4: 641 daAuts
   Sewer: 303 daAuts
  Bailey: 299 daAuts
    D:10: 127 daAuts
  Temple: 124 daAuts

Table legend:
 A = Kills in this place as a percentage of kills in entire the game.
 B = Kills by you in this place as a percentage of kills by you in the entire game.
 C = Kills by friends in this place as a percentage of kills by friends in the entire game.
 D = Other kills in this place as a percentage of other kills in the entire game.
 E = Experience gained in this place as a percentage of experience gained in the entire game.
 F = Experience gained in this place divided by the number of levels of this place that you have seen.
                   A       B       C       D       E      F
               +-------+-------+-------+-------+-------+----------------------
         Total | 100.0 | 100.0 |   N/A | 100.0 | 100.0 | 598.7
       Dungeon |  81.5 |  81.4 |   N/A | 100.0 |  71.1 | 553.4
         Sewer |  11.4 |  11.4 |   N/A |   0.0 |   5.4 | 423.0
        Bailey |   7.1 |   7.1 |   N/A |   0.0 |  23.5 | 1826.0
               +-------+-------+-------+-------+-------+----------------------
